 Dungeon Crawl Stone Soup version 0.27.1-4-g1640c2035a (webtiles) character file.

Game seed: 18099995612034633929

275 bellerephron the Shield-Bearer (level 6, -8/47 HPs)
             Began as a Demonspawn Fighter on Nov 5, 2021.
             Killed from afar by a steam dragon (9 damage)
             ... with a ball of steam
             ... on level 4 of the Dungeon.
             The game lasted 00:13:34 (3995 turns).

bellerephron the Shield-Bearer (Demonspawn Fighter) Turns: 3995, Time: 00:13:35

Health: -8/47      AC:  9    Str: 16 (19) XL:     6   Next: 3%
Magic:  6/6        EV:  7    Int:  8 (9)  God:
Gold:   191        SH:  9    Dex: 10 (12) Spells: 5/5 levels left

rFire    . . .     SeeInvis .     - Unarmed
rCold    . . .     Faith    .   b - +0 kite shield
rNeg     . . .     Spirit   .   a - +0 scale mail
rPois    .         Reflect  .   (no helmet)
rElec    .         Harm     .   (no cloak)
rCorr    .         Rampage  .   (no gloves)
Will     .....     Clarity  +   (no boots)
Stlth    ..........             (no amulet)
HPRegen  0.15/turn              (no ring)
MPRegen  0.10/turn              (no ring)

@: no status effects
A: slimy green scales 2, spiny 1, clarity, MP-powered wands
a: no special abilities


You were on level 4 of the Dungeon.
You visited 1 branch of the dungeon, and saw 4 of its levels.

You collected 191 gold pieces.

Inventory:

Hand Weapons
 i - a +2 dagger of draining
Missiles
 d - 19 poisoned darts (quivered)
 k - 2 throwing nets
 m - 56 stones
Armour
 a - a +0 scale mail (worn)
 b - a +0 kite shield (worn)
Scrolls
 e - a scroll of enchant weapon {unknown}
 g - a scroll of enchant armour {unknown}
 h - a scroll of torment {unknown}
 j - 3 scrolls of identify {unknown}
 l - 3 scrolls of teleportation {unknown}
 n - a scroll of magic mapping {unknown}
 p - a scroll of immolation {unknown}
Potions
 c - 2 potions of might
 f - a potion of mutation


   Skills:
 + Level 3.1 Fighting
 + Level 0.2 Throwing
 + Level 3.4 Armour
 + Level 0.9 Dodging
 * Level 4.2 Shields
 * Level 3.9 Unarmed Combat


You had 5 spell levels left.
You didn't know any spells.
Your spell library contained the following spells:

 Spells                   Type           Power      Damage    Failure   Level
 Ensorcelled Hibernation  Hex/Ice        0%         N/A       100%        2
 Spider Form              Tmut/Pois      0%         N/A       100%        3
 Shadow Creatures         Summ           N/A        N/A       100%        6


Dungeon Overview and Level Annotations

Branches:
Dungeon (4/15)
 Temple: D:4-7

Altars:

Shops:
D:4 *


Innate Abilities, Weirdness & Mutations

You are mostly covered in slimy green scales. (AC +3)
You are partially covered in sharp spines.
You possess an exceptional clarity of mind.
You expend magic power (3 MP) to strengthen your wands.


Message History

The ball of steam hits you!
Unknown command.
Throw: 20 darts (poison)
Press: ? - help, Q - select action, (/) - cycle Shift-Dir - straight line, f/p - steam dragon
Aim: a steam dragon (57% to hit)
You throw a poisoned dart.
The poisoned dart hits the steam dragon.
The steam dragon is poisoned.
You are engulfed in a cloud of scalding steam.
Unknown command.
Unknown command.
You closely miss the steam dragon.
The steam dragon is lightly wounded.
You are engulfed in a cloud of scalding steam.
The steam dragon breathes steam at you. The ball of steam hits you!
* * * LOW HITPOINT WARNING * * *
The steam dragon barely misses you. The steam dragon claws you.
* * * LOW HITPOINT WARNING * * *
It was a potion of mutation.
You feel extremely strange.
You feel your magical essence link to the dungeon's wands.
Your thoughts seem clearer.
The steam dragon is struck by your spines.
The steam dragon bites you but does no damage.
You block the steam dragon's attack.
It was a potion of degeneration.
There was something very wrong with that liquid.
You feel weakened.
You feel dopey.
You feel clumsy. You block the steam dragon's attack.
The steam dragon claws you.
* * * LOW HITPOINT WARNING * * *
Unknown command.
You barely miss the steam dragon.
The steam dragon is moderately wounded.
The steam dragon closely misses you. The steam dragon barely misses you.
You hit the steam dragon but do no damage.
The steam dragon is moderately wounded.
The steam dragon looks more healthy.
The steam dragon breathes steam at you. The ball of steam hits you!
You die...

#######.# #.# #########
##.######## ........#
#.........#
.#######.###..######.#
..........)....#####.##
..####...##............
#...........###.##
#.@###...#### #.D#
#...# #.(###....
#(.....#+##
#......(####..
####.#### . #D. #ยง(
...?


You could see a steam dragon (catching breath).

Vanquished Creatures
  A phantom (D:4)
  An orc wizard (D:3)
  4 adders (D:3)
  4 gnolls
  An adder skeleton (D:4)
  A worm (D:3)
  3 dart slugs
  4 orcs (D:3)
  4 bats
  8 endoplasms
  4 giant cockroaches
  10 goblins
  5 hobgoblins
  10 jackals
  3 quokkas
  5 ball pythons
  6 frilled lizards
  5 kobolds
  5 rats
84 creatures vanquished.

Notes
Turn   | Place    | Note
-------+----------+-------------------------------------------
     0 | D:1      | bellerephron the Demonspawn Fighter began the quest for the
                  | Orb.
     0 | D:1      | Reached XP level 1. HP: 18/18 MP: 1/1
   313 | D:1      | Reached skill level 3 in Shields
   313 | D:1      | Gained mutation: You are partially covered in sharp spines.
                  | [demonic ancestry]
   313 | D:1      | Reached XP level 2. HP: 14/24 MP: 2/2
   890 | D:1      | Gained mutation: You are partially covered in slimy green
                  | scales. (AC +2) [demonic ancestry]
   890 | D:1      | Reached XP level 3. HP: 27/29 MP: 3/3
  1474 | D:2      | Found a faded altar of an unknown god.
  1642 | D:2      | You fall into a shaft and drop 2 floors!
  1840 | D:3      | Reached XP level 4. HP: 21/35 MP: 4/4
  2168 | D:3      | Reached skill level 4 in Shields
  2420 | D:2      | Gained mutation: You are mostly covered in slimy green
                  | scales. (AC +3) [demonic ancestry]
  2420 | D:2      | Reached XP level 5. HP: 40/41 MP: 5/5
  3679 | D:4      | Found Irghiojull's Lightly-Used Armoury.
  3719 | D:4      | Noticed a phantom
  3739 | D:4      | Killed a phantom
  3740 | D:4      | Reached XP level 6. HP: 34/47 MP: 6/6
  3981 | D:4      | Noticed a steam dragon
  3992 | D:4      | Gained mutation: You expend magic power (3 MP) to
                  | strengthen your wands. [potion of mutation]
  3992 | D:4      | Gained mutation: You possess an exceptional clarity of
                  | mind. [potion of mutation]
  3993 | D:4      | HP: 1/47 [steam dragon (4)]
  3995 | D:4      | Killed from afar by a steam dragon

Illustrated notes

Levels and vault maps discovered:
D:1:      dpeg_arrival_tiny_f, layout_loops_ring, due_unseen_surprise
D:2:      layout_loops_ring, ebering_ecumenical_altar_sacrificial
D:3:      layout_basic, serial_curves, eino_curves_02, eino_curves_03,
          minmay_goblin_kobold_house
D:4:      layout_loops_corners, serial_bayou_lagoon_a, minmay_shop_damaged

Skill      XL: |  1  2  3  4 |
---------------+-------------+-----
Unarmed Combat | 2 3 |  3.9
Shields        | 3 4 |  4.2
Armour         | 3 |  3.4
Fighting       | |  3.1
Throwing       | |  0.2
Dodging        | |  0.9

Action                   |  1- 3 |  4- 6 || total
-------------------------+-------+-------++-------
Melee: Unarmed           |   123 |   165 ||   288
Throw: Dart              |     6 |    11 ||    17
       Stone             |       |     1 ||     1
  Use: Potion            |       |     2 ||     2
Armor: Scale mail        |    42 |    56 ||    98
Dodge: Dodged            |    28 |    30 ||    58
Block: Kite shield       |    53 |    74 ||   127
